 Dungeon Crawl Stone Soup version 0.30-a0-859-gf88a04b62d (webtiles) character file.

Game seed: 815647910942970491

20882 Dittersdorf the Peltast (level 12, 0/81 HPs)
             Began as a Gargoyle Fighter on Mar 6, 2023.
             Was a High Priest of Okawaru.
             Slain by a yak (7 damage)
             ... on level 1 of the Lair of Beasts.
             The game lasted 00:22:45 (11314 turns).

Dittersdorf the Peltast (Gargoyle Fighter)         Turns: 11314, Time: 00:22:46

Health: 0/81       AC: 34    Str: 24    XL:     12   Next: 84%
Magic:  11/12      EV:  6    Int: 10    God:    Okawaru [*****.]
Gold:   432        SH: 12    Dex:  9    Spells: 11/11 levels left

rFire   . . .      SeeInvis .    a - +0 flail (drain)
rCold   . . .      Faith    .    H - +0 kite shield
rNeg    + . .      Spirit   .    i - +0 plate armour
rPois   ∞          Reflect  .    (no helmet)
rElec   +          Rampage  .    F - +2 cloak {Will+}
rCorr   +                        x - +2 pair of gloves
Will    ++...                    o - +2 pair of boots Stlth
                                 h - amulet of regeneration
HPRegen 1.13/turn                N - ring of resist corrosion
MPRegen 0.13/turn                y - ring of willpower

@: no status effects
A: sickness immunity, AC +8, negative energy resistance 1, electricity
resistance, torment resistance 1, petrification resistance
a: Renounce Religion, Heroism, Finesse, Duel


You were on level 1 of the Lair of Beasts.
You worshipped Okawaru.
Okawaru was extremely pleased with you.
You visited 3 branches of the dungeon, and saw 14 of its levels.

You collected 720 gold pieces.
You spent 288 gold pieces at shops.

Inventory:

Hand Weapons
 a - a +0 flail of draining (weapon)
 D - a +0 morningstar
Missiles
 e - 23 poisoned darts (quivered)
 I - a throwing net
Armour
 i - a +0 plate armour (worn)
 o - a +2 pair of boots (worn)
 x - a +2 pair of gloves (worn)
 F - a +2 cloak of willpower (worn)
 H - a +0 kite shield (worn)
Jewellery
 f - a ring of ice
 h - an amulet of regeneration (around neck)
 l - a ring of fire
 p - a ring of positive energy
 y - a ring of willpower (right hand)
 L - a ring of positive energy
 N - a ring of resist corrosion (left hand)
Wands
 z - a wand of roots (9)
 B - a wand of digging (7)
Scrolls
 j - a scroll of immolation {unknown}
 k - 3 scrolls of amnesia {unknown}
 m - 6 scrolls of teleportation {unknown}
 n - 4 scrolls of poison {unknown}
 s - a scroll of noise {unknown}
 t - 3 scrolls of silence {unknown}
 u - a scroll of summoning {unknown}
 C - a scroll of blinking {unknown}
 E - a scroll of torment {unknown}
 G - a scroll of brand weapon
Potions
 b - a potion of cancellation
 c - a potion of invisibility {unknown}
 d - 6 potions of might
 g - 3 potions of magic
 q - 2 potions of mutation {unknown}
 r - 2 potions of haste
 w - a potion of resistance {unknown}
 A - 5 potions of flight
 J - 2 potions of lignification {unknown}
 K - a potion of heal wounds
 M - a potion of berserk rage {unknown}
 O - a potion of ambrosia {unknown}


   Skills:
 + Level 12.1 Fighting
 + Level 10.9 Maces & Flails
 + Level 12.0 Armour
 + Level 15.8 Shields


You had 11 spell levels left.
You didn't know any spells.
Your spell library contained the following spells:

 Spells                   Type           Power      Damage    Failure   Level
 Slow                     Hex            0%         N/A       99%         1
 Sting                    Tmut/Pois      0%         1d3       99%         1
 Lesser Beckoning         Tloc           0%         N/A       100%        2
 Poisonous Vapours        Pois/Air       0%         N/A       100%        2
 Confusing Touch          Hex            0%         N/A       100%        3
 Gell's Gravitas          Tloc           0%         N/A       100%        3
 Hailstorm                Conj/Ice       0%         3d3       100%        3
 Vampiric Draining        Necr           0%         2d6       100%        3
 Ice Form                 Ice/Tmut       0%         N/A       100%        4
 Manifold Assault         Tloc           0%         N/A       100%        4
 Olgreb's Toxic Radiance  Pois           0%         N/A       100%        4
 Alistair's Intoxication  Tmut/Pois      0%         N/A       100%        5
 Borgnjor's Vile Clutch   Necr/Erth      0%         N/A       100%        5
 Dispersal                Tloc           0%         N/A       100%        6
 Eringya's Noxious Bog    Tmut/Pois      0%         N/A       100%        6
 Orb of Destruction       Conj           0%         9d5       100%        7
 Disjunction              Tloc           0%         N/A       100%        8
 Summon Guardian Golem    Hex/Summ       Unusable   N/A       N/A         3
 Simulacrum               Ice/Necr       Unusable   N/A       N/A         6
 Spellforged Servitor     Conj/Summ      Unusable   N/A       N/A         7

Dungeon Overview and Level Annotations

Branches:
Dungeon (11/15)            Temple (1/1) D:4            Lair (2/5) D:11
    Orc (0/2) D:9
  Swamp: Lair:2-3    Shoals: Lair:2-3     Snake: Lair:2-3    Spider: Lair:2-3

Altars:
Ashenzari
Cheibriados
Dithmenos
Elyvilon
Fedhas
Gozag
Hepliaklqana
Kikubaaqudgha
Makhleb
Nemelex Xobeh
Okawaru
Qazlal
Ru
Sif Muna
Trog
Uskayaw
Vehumet
Wu Jian
Xom
Yredelemnul
Zin
The Shining One

Shops:
D:1 [

Annotations:
D:9 2 transporters, Ceno's ghost, novice FeDe
D:10 2 transporters, 1 runed translucent door


Innate Abilities, Weirdness & Mutations

You are immune to sickness and miasma.
Your stone body is resilient. (AC +8)
You are immune to poison.
You resist negative energy. (rN+)
You are resistant to electric shocks. (rElec)
You are resistant to unholy torment.
You are immune to petrification.


Message History

You barely miss the eight-headed hydra.
The eight-headed hydra is almost dead.
The eight-headed hydra closely misses you.
You block the eight-headed hydra's attack.
The eight-headed hydra bites you but does no damage.
You block the eight-headed hydra's attack.
The eight-headed hydra bites you but does no damage.
You block the eight-headed hydra's attack.
The eight-headed hydra bites you.
* * * LOW HITPOINT WARNING * * *
The eight-headed hydra bites you but does no damage.
You thump the eight-headed hydra!
You kill the eight-headed hydra!
Okawaru is honoured by your kill.
Your base Armour skill increases to level 12!
You bludgeon the water moccasin!!
You kill the water moccasin!
Okawaru accepts your kill.
You feel like a meek peon again. The yak closely misses you.
You see here a poisoned dart.
You hit the yak but do no damage. You block the yak's attack.
You barely miss the yak. The yak gores you but does no damage.
You sock the yak! You drain the yak.
The yak is severely wounded.
You block the yak's attack.
You sock the yak! You drain the yak.
You kill the yak!
Okawaru accepts your kill.
You sock the yak!
The yak is lightly wounded.
The yak gores you!
* * * LOW HITPOINT WARNING * * *
You hit the yak.
The yak is moderately wounded.
The yak gores you but does no damage.
You closely miss the yak.
The yak is moderately wounded.
The yak gores you!
You die...

#### ##
#########################..#####.
................@Y...............
.#+#...#######.###....######.#...
.......###########....#..........
...P............#†††..#.......#..
...#...##.......##>...#..........
......~.P.......#.††..#..........
.~~~~~~.........##....#.......#..
~~≈≈≈~~≈~.......##....#.......P..
~≈≈≈~≈≈~~........=....#.......+..


You could see a yak.

Vanquished Creatures
  Fannar (Lair:1)
  Josephine (D:10)
  Harold (D:10)
  2 hydras (Lair:1)
  A boulder beetle (Lair:1)
  2 two-headed ogres
  4 death yaks (Lair:1)
  Nergalle (D:10)
  Joseph (D:10)
  2 cane toads
  A kobold demonologist (D:10)
  2 rime drakes
  6 komodo dragons
  A troll (D:10)
  2 polar bears
  3 hornets
  3 slime creatures (D:9)
  3 wraiths (D:10)
  A wyvern (Lair:2)
  A shadow (D:9)
  9 yaks (Lair:1)
  A steam dragon (D:8)
  An acid dragon (D:10)
  Duvessa (D:6)
  7 water moccasins
  4 orc warriors
  4 sky beasts
  A black bear (Lair:1)
  6 wolves (Lair:1)
  An ogre (D:6)
  4 centaurs
  2 kobold brigands
  3 bullfrogs
  5 gnoll sergeants
  2 scorpions
  Dowan (D:6)
  12 wights
  12 killer bees
  4 howler monkeys
  4 hounds
  5 jellies
  6 orc priests
  Crazy Yiuf (D:3)
  A gnoll bouda (D:6)
  Ijyb (D:3)
  A sleepcap (D:7)
  4 iguanas
  Terence (D:3)
  14 orc wizards
  28 gnolls
  4 adders
  2 shadow imps
  2 white imps
  6 worms
  10 dart slugs (D:3)
  41 orcs
  2 endoplasms
  3 giant cockroaches
  6 goblins
  10 hobgoblins
  10 jackals
  3 quokkas
  6 ball pythons
  7 bats
  3 frilled lizards
  16 kobolds
  5 rats
321 creatures vanquished.

Vanquished Creatures (others)
  A bush (Lair:1)
  4 fungi
  6 plants
11 creatures vanquished.

Grand Total: 332 creatures vanquished

Notes
Turn   | Place    | Note
-------+----------+-------------------------------------------
     0 | D:1      | Dittersdorf the Gargoyle Fighter began the quest for the
                  | Orb.
     0 | D:1      | Reached XP level 1. HP: 14/14 MP: 1/1
   147 | D:1      | Found Pahu's Antique Armour Boutique.
   293 | D:1      | Reached XP level 2. HP: 19/19 MP: 2/2
  1047 | D:2      | Reached XP level 3. HP: 23/23 MP: 3/3
  1477 | D:2      | Reached XP level 4. HP: 29/29 MP: 4/4
  1627 | D:3      | Reached skill level 4 in Shields
  1776 | D:3      | Noticed Ijyb
  1782 | D:3      | Killed Ijyb
  1783 | D:3      | Reached XP level 5. HP: 27/33 MP: 5/5
  1911 | D:3      | Found a hide-covered altar of Uskayaw.
  2111 | D:3      | Found a broken altar of Ashenzari.
  2135 | D:3      | Noticed Terence
  2207 | D:3      | Found a runed translucent door.
  2208 | D:3      | Noticed Crazy Yiuf
  2473 | D:3      | Killed Crazy Yiuf
  2584 | D:4      | Reached XP level 6. HP: 39/39 MP: 6/6
  2606 | D:4      | Identified a scroll of acquirement
  2607 | D:4      | Acquired a manual of Shields
  2644 | D:4      | Found a staircase to the Ecumenical Temple.
  2651 | Temple   | Entered the Ecumenical Temple
  2854 | D:4      | Reached skill level 5 in Shields
  2897 | D:4      | Found a burning altar of Makhleb.
  3264 | D:5      | Entered Level 5 of the Dungeon
  3323 | D:5      | Reached skill level 5 in Fighting
  3323 | D:5      | Reached skill level 5 in Armour
  3323 | D:5      | Reached XP level 7. HP: 44/44 MP: 7/7
  3393 | D:5      | Reached skill level 6 in Shields
  3534 | D:5      | Found an iron altar of Okawaru.
  3538 | D:5      | Found a shadowy altar of Dithmenos.
  3542 | D:5      | Became a worshipper of Warmaster Okawaru
  3670 | D:5      | Reached XP level 8. HP: 51/51 MP: 8/8
  3852 | D:5      | Found an ornate altar of the Wu Jian Council.
  4006 | D:5      | Reached skill level 7 in Shields
  4310 | D:1      | Bought a fine chain mail for 161 gold pieces
  4310 | D:1      | Identified the +0 chain mail of Refuge {rElec} (You bought
                  | it in a shop on level 1 of the Dungeon)
  4310 | D:1      | Bought a pair of embroidered gloves for 127 gold pieces
  4561 | D:6      | Noticed Duvessa
  4563 | D:6      | Noticed Dowan
  4582 | D:6      | Killed Duvessa
  4583 | D:6      | Reached skill level 5 in Maces & Flails
  4636 | D:6      | Killed Dowan
  4637 | D:6      | Reached skill level 8 in Shields
  4691 | D:6      | Reached * piety under Okawaru
  4886 | D:6      | Reached XP level 9. HP: 56/56 MP: 9/9
  5390 | D:7      | Reached skill level 9 in Shields
  5490 | D:7      | Noticed a hornet
  5506 | D:7      | Killed a hornet
  5506 | D:7      | Reached ** piety under Okawaru
  5768 | D:7      | Reached skill level 10 in Shields
  5856 | D:7      | Identified the +1 robe "Pubed" {rF+ Int+2}
  6052 | D:7      | Found a radiant altar of Vehumet.
  6435 | D:8      | Noticed a hornet
  6444 | D:7      | Killed a hornet
  6444 | D:7      | Reached *** piety under Okawaru
  6445 | D:7      | Reached XP level 10. HP: 54/64 MP: 10/10
  6758 | D:8      | Reached skill level 11 in Shields
  7028 | D:8      | Found a bloodstained altar of Trog.
  7146 | D:9      | Noticed a tengu warrior
  7149 | D:9      | Noticed Ceno's ghost (novice FeDe)
  7152 | D:9      | Found a bloodstained altar of Trog.
  7158 | D:9      | Noticed a moth of wrath
  7166 | D:9      | Noticed a two-headed ogre
  7184 | D:9      | Found a transporter.
  7187 | D:9      | Found a transporter.
  7240 | D:9      | Found a staircase to the Orcish Mines.
  7359 | D:9      | Noticed a two-headed ogre
  7372 | D:9      | Killed a two-headed ogre
  7499 | D:9      | Reached skill level 12 in Shields
  7587 | D:9      | Reached **** piety under Okawaru
  8031 | D:9      | Found a glowing silver altar of Zin.
  8120 | D:9      | Found a white marble altar of Elyvilon.
  8324 | D:10     | Entered Level 10 of the Dungeon
  8344 | D:10     | Reached XP level 11. HP: 62/72 MP: 11/11
  8419 | D:10     | Noticed Harold
  8445 | D:10     | Killed Harold
  8604 | D:10     | Reached skill level 10 in Fighting
  8611 | D:10     | Reached skill level 13 in Shields
  8625 | D:10     | Found a snail-covered altar of Cheibriados.
  8684 | D:10     | Noticed a two-headed ogre
  8696 | D:10     | Killed a two-headed ogre
  8697 | D:10     | Reached skill level 10 in Armour
  8758 | D:10     | Noticed Joseph
  8781 | D:10     | Killed Joseph
  8789 | D:10     | Found a basalt altar of Yredelemnul.
  8789 | D:10     | Found an ancient bone altar of Kikubaaqudgha.
  8789 | D:10     | Found a transporter.
  8790 | D:10     | Noticed a death knight
  8795 | D:10     | Got the Octavo of the Camelopard
  8810 | D:10     | Found a transporter.
  8897 | D:10     | Noticed Josephine
  8915 | D:10     | Killed Josephine
  8942 | D:10     | Received a gift from Okawaru
  9166 | D:10     | Noticed Nergalle
  9184 | D:10     | Killed Nergalle
  9261 | D:10     | Noticed a glowing orange brain
  9261 | D:10     | Noticed a yaktaur captain
  9262 | D:10     | Noticed a stone giant
  9262 | D:10     | Found a runed translucent door.
  9264 | D:10     | Noticed a deep troll earth mage
  9264 | D:10     | Noticed a boulder beetle
  9264 | D:10     | Identified the +1 great mace "Dragon's Foe" {flame, Dex+2}
  9492 | D:3      | Killed Terence
  9779 | D:11     | Found a staircase to the Lair.
  9789 | D:11     | Noticed a boulder beetle
  9807 | Lair:1   | Entered Level 1 of the Lair of Beasts
  9816 | Lair:1   | Reached skill level 14 in Shields
 10034 | Lair:1   | Noticed a boulder beetle
 10093 | Lair:1   | Killed a boulder beetle
 10094 | Lair:1   | Reached XP level 12. HP: 55/80 MP: 12/12
 10123 | Lair:1   | Reached ***** piety under Okawaru
 10138 | Lair:1   | Reached skill level 10 in Maces & Flails
 10432 | Lair:1   | Noticed a death yak
 10432 | Lair:1   | Noticed a death yak
 10450 | Lair:1   | Noticed a death yak
 10450 | Lair:1   | Noticed a death yak
 10474 | Lair:1   | Killed a death yak
 10491 | Lair:1   | Killed a death yak
 10505 | Lair:1   | Killed a death yak
 10506 | Lair:1   | Reached skill level 15 in Shields
 10517 | Lair:1   | Killed a death yak
 10866 | Lair:2   | Noticed a seven-headed hydra
 10867 | Lair:2   | Noticed Fannar
 10906 | Lair:1   | Killed a seven-headed hydra
 10906 | Lair:1   | Identified the +2 helmet of Okawaru's Approval {Will- Str+7
                  | Slay+3} (Okawaru gifted it to you on level 1 of the Lair of
                  | Beasts)
 10906 | Lair:1   | Received a gift from Okawaru
 11199 | Lair:2   | Noticed an eight-headed hydra
 11250 | Lair:1   | Killed Fannar
 11305 | Lair:1   | Killed an eight-headed hydra
 11314 | Lair:1   | Slain by a yak

Illustrated notes

Levels and vault maps discovered:
D:1:      roderic_lyre, layout_loops_ring, serial_shops, shop
D:2:      layout_rooms
D:3:      kennysheep_slugbush, layout_basic, nicolae_overflow_hidden_temple,
          mainiacjoe_overflow_tiny_flanked, grunt_decor_mini_mirrors, uniq_ijyb,
          uniq_crazy_yiuf_cottage, uniq_terence
D:4:      layout_loops_ring, makhleb_heckhound_becter, minmay_temple_entry_trees
D:5:      layout_cave_pods, nzn_wu_jian_contemplation, minitemple
D:6:      layout_basic, uniq_duvessa
D:7:      layout_loops_ring, lemuel_tele_altar, serial_rivers,
          chequers_serial_rivers_large_b, chequers_serial_rivers_small_b,
          chequers_serial_rivers_micro_e, chequers_serial_rivers_micro_e
D:8:      layout_gridville, trog_three_pillars_becter, nicolae_two_hexagons
D:9:      layout_stronghold, zin_academy, elyvilon_altar_4, orc_0_dummy,
          gammafunk_ghost_wrathful_warriors, nicolae_kite_square_tiling_tiny,
          supply_closet_lemuel
D:10:     minmay_gate_of_8, layout_irregular_city, slow_altar_1,
          gammafunk_temple_of_torment, uniq_harold, uniq_joseph, uniq_nergalle,
          uniq_josephine
D:11:     layout_cave_pools, david_lair_shrubbed, serial_shops,
          nicolae_diamond_shop, vehumet_altar_wand_db
Temple:   hellmonk_temple_rainy
Lair:1:   layout_regular_city, infiniplex_staircase_pool_2, grunt_megastairs_4
Lair:2:   layout_small_grid, skrybe_swamp_entry_bodies, uniq_fannar,
          uniq_gastronok, uniq_amaemon

Skill      XL: |  1  2  3  4  5  6  7  8  9 10 11 12 |
---------------+-------------------------------------+-----
Fighting       | 4 5 6 8 9 11 12 | 12.1
Armour         | 4 5 6 8 9 11 12 | 12.0
Shields        | 4 5 6 8 10 12 14 15 | 15.8
Maces & Flails | 3 4 5 7 8 9 10 | 10.9

Action                     |  1- 3 |  4- 6 |  7- 9 | 10-12 || total
---------------------------+-------+-------+-------+-------++-------
  Melee: Flail             |   163 |   165 |   453 |  1022 ||  1803
  Throw: Dart              |       |     2 |       |    15 ||    17
 Invoke: Heroism           |       |       |       |    13 ||    13
    Use: Scroll            |       |     9 |     2 |     6 ||    17
         Potion            |       |       |       |     5 ||     5
 Armour: Scale mail        |    84 |   111 |   137 |       ||   332
         Chain mail        |       |       |   199 |   321 ||   520
         Plate armour      |       |       |       |   597 ||   597
  Dodge: Dodged            |    76 |    83 |   155 |   362 ||   676
  Block: Buckler           |    34 |    44 |    19 |       ||    97
         Kite shield       |       |       |   240 |   826 ||  1066

Table legend: (Time is in decaauts)
 A = Elapsed time spent in this place.
 B = Non-inter-level travel time spent in this place.
 C = Inter-level travel time spent in this place.
 D = Time resting spent in this place.
 E = Time spent auto-exploring this place.
 F = Levels seen in this place.
 G = Mean time per level.
                   A        B        C        D        E       F      G
               +--------+--------+--------+--------+--------+-----+--------+
         Total |  11615 |  10578 |   1037 |    385 |   6649 |  14 |  829.6 |
       Dungeon |  10103 |   9108 |    995 |    187 |   5997 |  11 |  918.5 |
        Temple |     17 |     17 |      0 |      0 |      1 |   1 |   17.0 |
          Lair |   1495 |   1454 |     41 |    198 |    651 |   2 |  747.5 |
               +--------+--------+--------+--------+--------+-----+--------+

Top non-repeatable levels by time:
  Lair:1: 1324 daAuts
     D:7: 1200 daAuts
     D:9: 1176 daAuts
     D:1: 1125 daAuts
     D:3: 1113 daAuts
    D:10: 1087 daAuts
     D:5: 1061 daAuts
     D:6: 1032 daAuts
     D:4: 824 daAuts
     D:8: 742 daAuts
     D:2: 604 daAuts
  Lair:2: 170 daAuts
    D:11: 133 daAuts
  Temple: 17 daAuts
